 Dungeon Crawl Stone Soup version 0.28.0-49-g6dfe1f597d (webtiles) character file.

Game seed: 4503888249761943043

841 Zeld the Changer (level 8, -6/48 HPs)
             Began as an Octopode Transmuter on May 15, 2022.
             Mangled by a gnoll
             ... wielding a +0 spear
              (8 damage)
             ... on level 6 of the Dungeon.
             The game lasted 00:04:28 (5973 turns).

Zeld the Changer (Octopode Transmuter)              Turns: 5973, Time: 00:04:28

Health: -6/48      AC:  1    Str: 11    XL:     8   Next: 0%
Magic:  15/15      EV: 13    Int: 16    God:
Gold:   183        SH:  0    Dex: 12    Spells: 7/17 levels left

rFire   . . .      SeeInvis .     - Unarmed
rCold   + . .      Faith    .   (no shield)
rNeg    . . .      Spirit   .   (helmet restricted)
rPois   .          Reflect  .   (no amulet)
rElec   .          Harm     .   k - ring of protection from cold
rCorr   .          Rampage  .   (no ring)
Will    .....                   (no ring)
Stlth   ++++......              (no ring)
HPRegen 0.16/turn               (no ring)
MPRegen 0.14/turn               (no ring)
                                (no ring)
                                (no ring)

@: no status effects
A: almost no armour, amphibious, 8 rings, camouflage 1, gelatinous body 1,
(nimble swimmer 1), tentacles
a: no special abilities


You were on level 6 of the Dungeon.
You visited 1 branch of the dungeon, and saw 6 of its levels.

You collected 183 gold pieces.

Inventory:

Jewellery
 k - a ring of protection from cold (left tentacle)
Scrolls
 a - a scroll of summoning {unknown}
 b - 5 scrolls of noise {unknown}
 d - a scroll of brand weapon {unknown}
 f - 4 scrolls of identify {unknown}
 g - 4 scrolls of magic mapping {unknown}
 h - 2 scrolls of fear {unknown}
 j - a scroll of fog {unknown}
 l - 2 scrolls of enchant armour {unknown}
 m - 2 scrolls of teleportation {unknown}
 n - a scroll of immolation {unknown}
 p - a scroll of amnesia {unknown}
Potions
 c - a potion of curing {unknown}
 e - a potion of brilliance {unknown}
 i - a potion of berserk rage {unknown}
 o - 3 potions of mutation {unknown}


   Skills:
 - Level 1.0 Fighting
 - Level 2.0 Dodging
 + Level 4.8 Stealth
 - Level 3.0 Unarmed Combat
 * Level 5.1 Spellcasting
 * Level 5.4 Transmutations
 - Level 2.0 Ice Magic
 - Level 2.0 Poison Magic


You had 7 spell levels left.
You knew the following spells:

 Your Spells              Type           Power      Damage    Failure   Level
a - Beastly Appendage     Tmut           42%        N/A       1%          1
b - Wereblood             Tmut           21%        N/A       2%          2
c - Spider Form           Tmut/Pois      16%        N/A       10%         3
d - Ice Form              Ice/Tmut       16%        N/A       32%         4

Your spell library contained the following spells:

 Spells                   Type           Power      Damage    Failure   Level
 Static Discharge         Conj/Air       4%         N/A       22%         2
 Lightning Bolt           Conj/Air       2%         1d13      99%         5
 Maxwell's Capacitive Co  Air            2%         ∞         100%        8


Dungeon Overview and Level Annotations

Branches:
Dungeon (6/15)
 Temple: D:4-7

Altars:
Dithmenos
Fedhas
Qazlal
Sif Muna

Shops:
D:4 [


Innate Abilities, Weirdness & Mutations

You cannot wear most types of armour.
You are amphibious.
You can wear up to eight rings at the same time.
Your skin changes colour to match your surroundings (Stealth+).
Your rubbery body absorbs attacks. (AC +1, EV +1)
((You are camouflaged when in or above water. (Stealth+)))
You have tentacles for arms and can constrict up to eight enemies at once.


Message History

You kill Blork the orc!
You kill the gnoll!
Your Spellcasting skill increases to level 5!
The gnoll hits you with a +0 flail.
Your transformation is almost over.
The gnoll barely misses you.
The gnoll shaman calls down the wrath of its god upon you.
You resist with some effort.
A gnoll comes into view. It is wielding a +0 spear.
The gnoll hits you with a +0 whip.
The gnoll shaman calls upon its god to speed up the gnoll.
The gnoll seems to speed up.
You hit the gnoll but do no damage.
The gnoll is poisoned.
The gnoll misses you. The gnoll barely misses you.
You hit the gnoll.
The gnoll is poisoned.
The gnoll is moderately wounded.
The gnoll closely misses you. The gnoll barely misses you.
The gnoll shaman calls upon its god to speed up the gnoll.
The gnoll seems to speed up.
Your transformation has ended.
The black bear barely misses you. x2; The black bear claws you.
You kill the gnoll!
You have reached level 8!
You closely miss the gnoll. You grab the gnoll. You constrict the gnoll.
The gnoll hits you with a +0 whip.
* * * LOW HITPOINT WARNING * * *
The black bear barely misses you. The black bear closely misses you.
The black bear misses you.
You release your grip on the gnoll.
The gnoll barely misses you.
The gnoll shaman calls upon its god to speed up the gnoll.
The gnoll seems to speed up.
The gnoll hits you with a +0 whip.
* * * LOW HITPOINT WARNING * * *
The gnoll shaman calls upon its god to heal the gnoll.
The gnoll's wounds heal themselves!
The gnoll barely misses you. The gnoll barely misses you.
The gnoll closely misses you. The gnoll hits you with a +0 whip!
* * * LOW HITPOINT WARNING * * *
The gnoll hits you from afar with a +0 spear!
You die...

.......#..................##..#
........................#####..#
........##..............# ...#
..........).#.##.........# ..##
...............###......... ###
...............####........
...............g# ...
...####......ggh###..... ...#
#........g@......# ....#
##......#####...##
............### .# #..#####.....
##.. #...... ... ...... ...


You could see a black bear, a gnoll shaman and 3 gnolls.

Vanquished Creatures
  3 ogres
  Blork the orc (D:6)
  2 howler monkeys
  2 orc priests (D:5)
  A hound (D:5)
  A centaur skeleton (D:3)
  3 iguanas
  A hound skeleton (D:4)
  7 gnolls
  6 adders
  A white imp (D:5)
  An ufetubus (D:5)
  An adder skeleton (D:4)
  A worm (D:4)
  12 dart slugs
  4 orcs
  4 bats
  An endoplasm (D:3)
  4 giant cockroaches
  5 goblins
  5 hobgoblins
  9 jackals
  4 quokkas
  5 ball pythons
  2 frilled lizards
  A kobold (D:2)
  A quokka skeleton (D:4)
  3 rats
91 creatures vanquished.

Notes
Turn   | Place    | Note
-------+----------+-------------------------------------------
     0 | D:1      | Zeld the Octopode Transmuter began the quest for the Orb.
     0 | D:1      | Reached XP level 1. HP: 13/13 MP: 3/3
   300 | D:1      | Reached XP level 2. HP: 2/18 MP: 3/5
   562 | D:1      | Learned a level 2 spell: Wereblood
   679 | D:1      | Reached skill level 1 in Poison Magic
   741 | D:1      | Reached skill level 1 in Stealth
   758 | D:1      | Reached XP level 3. HP: 23/23 MP: 4/6
   773 | D:1      | Learned a level 3 spell: Spider Form
  1564 | D:2      | Found a faded altar of an unknown god.
  1720 | D:2      | Reached skill level 1 in Ice Magic
  1720 | D:2      | Reached XP level 4. HP: 28/28 MP: 5/8
  2132 | D:3      | Found a blossoming altar of Fedhas.
  3278 | D:4      | Reached XP level 5. HP: 25/33 MP: 7/9
  3385 | D:4      | Learned a level 4 spell: Ice Form
  3385 | D:4      | Found a stormy altar of Qazlal.
  3452 | D:4      | Found a shadowy altar of Dithmenos.
  3791 | D:4      | Found Alejeocs's Antique Armour Shop.
  4108 | D:4      | Found a shimmering blue altar of Sif Muna.
  4143 | D:5      | Entered Level 5 of the Dungeon
  4154 | D:5      | Noticed an ogre
  4211 | D:5      | Reached XP level 6. HP: 22/38 MP: 7/11
  5223 | D:5      | Reached XP level 7. HP: 43/43 MP: 11/13
  5764 | D:6      | Reached skill level 5 in Transmutations
  5936 | D:6      | Noticed Blork the orc
  5946 | D:6      | Killed Blork the orc
  5947 | D:6      | Reached skill level 5 in Spellcasting
  5967 | D:6      | Reached XP level 8. HP: 14/48 MP: 15/15
  5973 | D:6      | HP: 2/48 [gnoll/+0 whip (8)]
  5973 | D:6      | Mangled by a gnoll

Illustrated notes

Levels and vault maps discovered:
D:1:      sevenhm_arrival_forest_fort_large_2, layout_rooms
D:2:      layout_loops_ring, nicolae_ecumenical_lake_church,
          chequers_mini_garden, item_on_display_a
D:3:      layout_basic, lemuel_round_altar
D:4:      layout_rooms, nicolae_sif_muna_little_library,
          nicolae_qazlal_general_emergency, mainiacjoe_overflow_cross_hatched,
          serial_shops, nicolae_lakefront_shop
D:5:      kennysheep_slugbush, layout_rooms
D:6:      layout_cave_pools, lemuel_round_altar,
          minmay_temple_entry_glassed_door, uniq_blork_the_orc

Skill      XL: |  1  2  3  4  5  6  7 |
---------------+----------------------+-----
Poison Magic   | 1 2 |  2.0
Stealth        | 1 2 3 4 |  4.8
Ice Magic      | 1 2 |  2.0
Transmutations | 3 4 5 |  5.4
Spellcasting   | 3 4 5 |  5.1
Fighting       | |  1.0
Dodging        | |  2.0
Unarmed Combat | |  3.0

Action                   |  1- 3 |  4- 6 |  7- 9 || total
-------------------------+-------+-------+-------++-------
Melee: Unarmed           |    60 |   120 |    54 ||   234
       Constrict         |    23 |    29 |     2 ||    54
       Kick              |    13 |    25 |     2 ||    40
       Tentacles         |    15 |    24 |     2 ||    41
       Punch             |     1 |     3 |       ||     4
 Cast: Beastly Appendage |    23 |    34 |     1 ||    58
       Spider Form       |       |     4 |     9 ||    13
 Stab: Sleeping          |     4 |     6 |     1 ||    11
Armor: Skin              |     2 |    12 |     2 ||    16
Dodge: Dodged            |    30 |    92 |    53 ||   175
